 Dungeon Crawl Stone Soup version 0.22-a0-278-g8f80174 (webtiles) character file.

86191 4thArraOfDagon the Severer (level 16, -12/122 HPs)
             Began as a Formicid Warper on Mar 14, 2018.
             Was a High Priest of Makhleb.
             Killed from afar by a deep elf mage (24 damage)
             ... with a bolt of lightning
             ... on level 2 of the Orcish Mines on Mar 15, 2018.
             The game lasted 01:40:53 (20090 turns).

4thArraOfDagon the Severer (Formicid Warper)       Turns: 20090, Time: 01:40:53

Health: -12/122    AC: 11    Str: 17    XL:     16   Next: 33%
Magic:  28/28      EV: 11    Int: 24    God:    Makhleb [*****.]
Gold:   727        SH:  4    Dex: 10    Spells: 16/31 levels left

rFire    + . .     SeeInvis +   l - +3 war axe (freeze)
rCold    + . .     Gourm    .   (no shield)
rNeg     + . .     Faith    .   W - +2 ring mail "Faokoaj" {*Drain rPois rF+ Regen+}
rPois    +         Spirit   .   (helmet unavailable)
rElec    .         Reflect  +   M - +0 cloak {rPois}
rCorr    .         Harm     .   k - +2 pair of gloves
MR       +....                  (no boots)
Stlth    ..........             q - +4 amulet of reflection
HPRegen  0.70/turn              w - ring of protection from cold
MPRegen  0.21/turn              p - ring of positive energy

@: brilliant
A: permanent stasis, dig shafts and tunnels, four strong arms, antennae 3
a: Dig, Shaft Self, Minor Destruction, Lesser Servant of Makhleb, Major
Destruction, Greater Servant of Makhleb, Renounce Religion


You were on level 2 of the Orcish Mines.
You worshipped Makhleb.
Makhleb was extremely pleased with you.
You were full.

You visited 6 branches of the dungeon, and saw 27 of its levels.
You also visited: Labyrinth.

You collected 2200 gold pieces.
You spent 1473 gold pieces at shops.

Inventory:

Hand Weapons
 l - a +3 war axe of freezing (weapon)
 y - a +1 executioner's axe
Missiles
 e - 5 tomahawks of dispersal (quivered)
 r - 7 silver tomahawks
 C - 7 tomahawks
 F - 4 poisoned javelins
 I - a throwing net
Armour
 k - a +2 pair of gloves (worn)
 M - a +0 cloak of poison resistance (worn)
 W - the +2 ring mail "Faokoaj" (worn) {*Drain rPois rF+ Regen+}
   (You bought it in a shop on level 2 of the Orcish Mines)

   It protects you from fire.
   It protects you from poison.
   It increases your rate of regeneration.
   It causes draining when unequipped.
Magical Staves
 j - an uncursed staff of poison
 Q - an uncursed staff of summoning {!a}
Jewellery
 c - an uncursed ring of fire
 p - a ring of positive energy (right hand)
 q - a +4 amulet of reflection (around neck)
 w - a ring of protection from cold (left hand)
 A - an uncursed ring of flight
Wands
 n - a wand of enslavement (18)
 s - a wand of polymorph (25)
 t - a wand of acid (27)
 u - a wand of iceblast (10)
 L - a wand of disintegration (38)
 R - a wand of flame (20)
 U - a wand of digging (7)
 Z - a wand of scattershot (4)
Scrolls
 a - a scroll of fear
 b - a scroll of silence
 d - 4 scrolls of enchant armour
 h - 6 scrolls of remove curse
 o - a scroll of vulnerability
 D - 4 scrolls of fog
 E - 5 scrolls of identify
 J - a scroll of amnesia
 K - a scroll of summoning
 O - 3 scrolls of magic mapping
 T - 2 scrolls of immolation
 X - 2 scrolls of enchant weapon
Potions
 g - a potion of agility
 i - 2 potions of berserk rage
 m - a potion of brilliance
 v - 3 potions of might
 x - 5 potions of lignification
 z - 3 potions of magic
 B - 5 potions of curing
 H - 4 potions of flight
 N - 2 potions of resistance
 Y - 2 potions of heal wounds
Comestibles
 f - 30 rations


   Skills:
 - Level 10.0 Fighting
 - Level 20.1 Axes
 - Level 1.0 Throwing
 - Level 1.1 Armour
 - Level 1.7 Dodging
 + Level 8.4 Spellcasting
 - Level 2.6 Translocations
 * Level 9.1 Transmutations
 * Level 10.0 Earth Magic
 - Level 5.0 Invocations
 - Level 3.4 Evocations


You had 16 spell levels left.
You knew the following spells:

 Your Spells              Type           Power        Failure   Level  Hunger
a - Lesser Beckoning      Tloc           #####.....   1%          3    None
b - Passage of Golubria   Tloc           N/A          4%          4    ##.....
c - Shroud of Golubria    Chrm/Tloc      ####......   1%          2    None
d - Statue Form           Tmut/Erth      ######...    4%          6    ######.


Dungeon Overview and Level Annotations

Branches:
Dungeon (15/15)            Temple (1/1) D:6            Lair (6/6) D:8
  Swamp (0/4) Lair:4        Snake (2/4) Lair:4        Slime (0/5) Lair:6
    Orc (2/2) D:11            Elf (1/3) Orc:2
 Vaults: D:13-14     Depths: D:15

Altars:
Ashenzari
Cheibriados
Dithmenos
Elyvilon
Fedhas
Gozag
Hepliaklqana
Kikubaaqudgha
Makhleb
Nemelex Xobeh
Okawaru
Qazlal
Ru
Sif Muna
Trog
Uskayaw
Vehumet
Wu Jian
Xom
Yredelemnul
Zin
The Shining One
Jiyva

Shops:
D:5 *   D:9 !   D:12 %   D:13 :   D:14 }   Orc:2 [?:!

Portals:
Pandemonium: Orc:2

Annotations:
D:5 Kavrick's ghost, novice DsFi
D:15 Rupert
Lair:1 exclusion: 3 oklob plants
Snake:1 exclusion: downstairs
Orc:2 tidbits's ghost, journeyman GnTm


Innate Abilities, Weirdness & Mutations

You cannot be hasted, slowed, berserked, paralysed or teleported.
You can dig through walls and to a lower floor.
Your four strong arms can wield two-handed weapons with a shield.
You have a pair of large antennae on your head. (SInv)


Message History

You hit the deep elf mage. You freeze the deep elf mage.
The deep elf mage is lightly wounded.
The deep elf mage closely misses you.
Unknown command.
Your ring mail "Faokoaj" prevents you from hitting the deep elf mage.
You slash the deep elf mage! You freeze the deep elf mage.
The deep elf mage closely misses you.
Unknown command.
You slash the deep elf mage! You freeze the deep elf mage.
The deep elf mage is heavily wounded.
You barely miss the deep elf mage.
The deep elf mage hits you but does no damage.
The deep elf mage gestures at you while chanting.
The bolt of lightning hits you! x2
* * * LOW HITPOINT WARNING * * *
Unknown command.
You feel clever all of a sudden.
The deep elf mage points at you and mumbles some strange words.
The bolt of lightning hits you!
You die...

##......#..................##.##
.##.##..........[)..#.#........##
.....#........................#.#
.#).((..#................##[...#)
.).....#............)...##.##.###
.([(...........)........#...###
......#.................#..#####
..#..#.........e..#........#.#.##
...............e@###......#......
.....#..........#####......#.....
...............###.###...........
..............###...###....#.##..
........#....###.....###.#####.#.
............###.#...#.#### ##...#
.........).###.........## #.....
..........###...#.#.#...## #.....
.........###...##...##...###.....


You could see 2 deep elf magi.

Vanquished Creatures
  The ghost of Slobodan the Grappler, a journeyman TrMo of Ru (Orc:2)
  3 anacondas
  3 centaur warriors (D:14)
  A naga warrior (Snake:1)
  5 two-headed ogres
  6 orc high priests
  5 death yaks (Lair:4)
  A shock serpent (Snake:2)
  2 skeletal warriors
  The ghost of EvilAshe the Frost Mage, a novice DgIE (D:8)
  2 unseen horrors
  A naga ritualist (Snake:1)
  A swamp dragon (Lair:6)
  A torturous demonspawn (Orc:2)
  A deep elf mage (D:12)
  Pikel (D:8)
  A wolf spider (Lair:6)
  4 orc knights
  A mana viper (Snake:1)
  2 salamanders (Snake:1)
  3 manticores (D:14)
  2 ugly things (D:12)
  A cyclops (D:14)
  8 orc sorcerers
  9 elephants
  Maurice (D:11)
  2 guardian serpents
  3 naga magi (Snake:1)
  10 black mambas
  An orange demon (Orc:1)
  12 spiny frogs
  8 komodo dragons
  5 rime drakes
  3 meliai
  A red devil (Orc:2)
  A queen bee (D:13)
  4 trolls
  4 blink frogs
  4 polar bears
  A hornet (Lair:6)
  10 slime creatures
  2 dream sheep (D:14)
  11 hippogriffs
  Sigmund (D:3)
  A redback (Lair:6)
  A shadow (D:13)
  A wraith (D:12)
  A spriggan (Lair:3)
  8 wyverns
  31 yaks
  A hog (D:14)
  2 hungry ghosts
  4 basilisks
  7 steam dragons
  6 wargs
  9 nagas
  3 acid dragons
  2 insubstantial wisps (D:9)
  14 water moccasins
  3 porcupines
  33 orc warriors
  A swamp drake (Lair:6)
  5 black bears
  A hornet zombie (D:10)
  7 sky beasts
  9 ogres
  An ice beast (D:9)
  6 necrophages
  3 phantoms
  15 wolves
  14 centaurs
  The ghost of 4thArraOfDagon the Chopper, an amateur FoWr of Ru (D:3)
  10 crocodiles
  14 bullfrogs
  6 scorpions
  6 killer bees (D:13)
  3 howler monkeys
  4 crimson imps
  A bullfrog zombie (D:9)
  2 jellies
  A quasit (D:13)
  3 hounds
  Crazy Yiuf (D:7)
  30 orc priests
  A bullfrog skeleton (D:9)
  4 centaur skeletons
  17 orc wizards
  Jessica (D:3)
  5 iguanas
  6 worker ants
  A killer bee zombie (D:6)
  2 worker ant zombies
  11 adders
  3 gnolls (D:4)
  9 river rats (Lair:5)
  3 shadow imps
  2 adder zombies
  5 adder skeletons
  8 worms
  A dart slug (D:1)
  3 leopard geckos
  92 orcs
  6 giant cockroaches
  11 goblins
  7 hobgoblins
  17 jackals
  7 quokkas
  5 ball pythons
  8 bats
  5 frilled lizards
  A jackal zombie (D:5)
  11 kobolds
  A leopard gecko zombie (D:6)
  2 quokka skeletons
  9 rats
  5 fungi
  5 plants
695 creatures vanquished.

Vanquished Creatures (collateral kills)
  A minotaur (Lab)
  Snorg (Lair:4)
  A fire dragon (Lair:6)
  A hydra (D:14)
  An anaconda (Snake:1)
  A centaur warrior (D:14)
  3 two-headed ogres
  An orc high priest (Orc:2)
  A naga sharpshooter (Snake:2)
  A sixfirhy (Orc:2)
  A gelid demonspawn (Orc:2)
  An orc knight (Orc:2)
  An orc sorcerer (Orc:2)
  A naga mage (Snake:1)
  A guardian serpent (Snake:1)
  4 black mambas
  2 rust devils (Orc:2)
  2 spiny frogs
  A rime drake (Lair:1)
  A meliai (D:14)
  A hornet (Lair:6)
  2 redbacks (Lair:6)
  A vampire (D:13)
  A yak (D:14)
  2 wyverns (Lair:6)
  2 nagas
  An acid dragon (D:12)
  2 water moccasins (Lair:6)
  A porcupine (D:8)
  6 orc warriors
  A black bear (D:14)
  An ice beast (D:11)
  A wolf (Lair:1)
  An ogre (D:11)
  2 centaurs
  A crocodile (Lair:4)
  A bullfrog (D:13)
  A howler monkey (D:14)
  A hound (D:8)
  A jelly (D:7)
  An orc priest (Orc:2)
  10 orcs
  A quokka skeleton (D:7)
69 creatures vanquished.

Vanquished Creatures (others)
  2 polar bears (D:14)
  2 dream sheep (D:14)
  A hog (D:14)
  A porcupine (D:8)
  3 slaves (D:8)
  2 centaurs (D:12)
  A bullfrog (D:8)
  A scorpion (D:8)
  A worker ant (D:7)
  A shadow imp (D:8)
  12 fungi
  6 plants
33 creatures vanquished.

Grand Total: 797 creatures vanquished

Notes
Turn   | Place    | Note
-------+----------+-------------------------------------------
     0 | D:1      | 4thArraOfDagon the Formicid Warper began the quest for the Orb.
     0 | D:1      | Reached XP level 1. HP: 16/16 MP: 3/3
    35 | D:1      | Reached XP level 2. HP: 19/22 MP: 5/5
   124 | D:1      | Reached skill level 3 in Axes
   203 | D:1      | Reached XP level 3. HP: 27/27 MP: 6/6
   440 | D:3      | You fall through a shaft for 3 floors!
   471 | D:5      | Entered Level 5 of the Dungeon
   483 | D:5      | Found an ancient bone altar of Kikubaaqudgha.
   638 | D:6      | Reached skill level 4 in Axes
   638 | D:6      | Reached XP level 4. HP: 33/33 MP: 7/7
   644 | D:6      | Found a staircase to the Ecumenical Temple.
   655 | Temple   | Entered the Ecumenical Temple
   701 | Temple   | Became a worshipper of Makhleb the Destroyer
   790 | D:5      | Noticed Kavrick's ghost (novice DsFi)
   811 | D:5      | You fall through a shaft for 2 floors!
   811 | D:7      | Noticed a sky beast
   820 | D:8      | Noticed a centaur
   858 | D:7      | You fall through a shaft for 3 floors!
   858 | D:10     | Entered Level 10 of the Dungeon
   858 | D:10     | Noticed an ogre
   879 | D:10     | Noticed a gargoyle
   976 | D:8      | Noticed a porcupine
  1032 | D:9      | Reached skill level 5 in Axes
  1032 | D:9      | Reached XP level 5. HP: 31/38 MP: 8/8
  1048 | D:9      | Found a sparkling altar of Nemelex Xobeh.
  1069 | D:9      | Found Doewots's Distillery.
  1077 | D:9      | Bought a potion of might for 56 gold pieces
  1077 | D:9      | Bought a potion of heal wounds for 70 gold pieces
  1099 | D:9      | Noticed a phantom
  1105 | D:8      | Noticed a hippogriff
  1105 | D:8      | Noticed a slave
  1105 | D:8      | Noticed a slave
  1105 | D:8      | Noticed a slave
  1107 | D:8      | Noticed Pikel
  1120 | D:8      | Noticed a slave
  1129 | D:8      | Killed a hippogriff
  1129 | D:8      | Reached skill level 6 in Axes
  1129 | D:8      | Reached XP level 6. HP: 40/44 MP: 9/9
  1175 | D:8      | Killed Pikel
  1175 | D:8      | Reached skill level 8 in Axes
  1175 | D:8      | Reached XP level 7. HP: 34/50 MP: 10/10
  1175 | D:8      | Reached XP level 8. HP: 38/56 MP: 11/11
  1319 | D:8      | Reached skill level 9 in Axes
  1379 | D:8      | Noticed a two-headed ogre
  1517 | D:5      | Found Gozag's Platinum Reserve.
  1517 | D:5      | Found an opulent altar of Gozag.
  1561 | D:5      | Found a white marble altar of Elyvilon.
  1726 | D:3      | Reached * piety under Makhleb
  1753 | D:3      | Learned a level 3 spell: Lesser Beckoning
  1760 | D:3      | Learned a level 4 spell: Passage of Golubria
  1926 | D:3      | Found a glowing golden altar of the Shining One.
  2149 | D:2      | Reached skill level 10 in Axes
  2171 | D:2      | Found a shimmering altar of Xom.
  2240 | D:2      | Found a sacrificial altar of Ru.
  2446 | D:2      | Found a faded altar of an unknown god.
  2552 | D:2      | Reached ** piety under Makhleb
  2784 | D:3      | Noticed 4thArraOfDagon's ghost (amateur FoWr)
  2828 | D:3      | Noticed Sigmund
  2866 | D:3      | Found a snail-covered altar of Cheibriados.
  2867 | D:3      | Noticed Jessica
  2937 | D:3      | Killed Jessica
  2991 | D:3      | Killed Sigmund
  2991 | D:3      | Reached skill level 1 in Invocations
  2991 | D:3      | Reached XP level 9. HP: 60/64 MP: 12/12
  3008 | D:3      | Killed 4thArraOfDagon's ghost
  3231 | D:3      | Found an iron altar of Okawaru.
  3769 | D:4      | Noticed a moth of wrath
  3772 | D:4      | Found a bloodstained altar of Trog.
  3956 | D:5      | Reached *** piety under Makhleb
  4287 | D:6      | Reached skill level 11 in Axes
  4339 | D:6      | Found an ornate altar of the Wu Jian Council.
  4737 | D:6      | Found a blossoming altar of Fedhas.
  4786 | D:6      | Reached skill level 5 in Fighting
  5204 | D:7      | Found a runed door.
  5206 | D:7      | Noticed Crazy Yiuf
  5208 | D:7      | Killed Crazy Yiuf
  5208 | D:7      | Reached XP level 10. HP: 73/73 MP: 13/13
  5448 | D:7      | Reached skill level 5 in Invocations
  5521 | D:7      | Found a shattered altar of Ashenzari.
  5600 | D:7      | Reached **** piety under Makhleb
  5715 | D:8      | Noticed a two-headed ogre
  5869 | D:8      | Noticed EvilAshe's ghost (novice DgIE)
  5891 | D:9      | Reached skill level 12 in Axes
  6088 | D:9      | Identified Durerr's Compendium of the Ashen Glacier
  6511 | D:9      | Reached skill level 13 in Axes
  6641 | D:9      | Reached XP level 11. HP: 57/84 MP: 14/14
  6918 | D:11     | Found a staircase to the Orcish Mines.
  7486 | D:11     | Noticed a two-headed ogre
  7508 | D:11     | Killed a two-headed ogre
  7509 | D:11     | Noticed Maurice
  7517 | D:11     | Killed Maurice
  7594 | D:11     | Noticed a two-headed ogre
  7602 | D:11     | Killed a two-headed ogre
  7602 | D:11     | Reached skill level 14 in Axes
  7731 | D:11     | Noticed a two-headed ogre
  7741 | D:11     | Killed a two-headed ogre
  7882 | D:12     | Found Kiusem's Food Emporium.
  7895 | D:12     | Noticed a deep elf mage
  7909 | D:12     | Killed a deep elf mage
  7922 | D:12     | Noticed a skeletal warrior
  7924 | D:12     | Noticed a skeletal warrior
  7947 | D:11     | Killed a skeletal warrior
  8326 | D:12     | Killed a skeletal warrior
  8326 | D:12     | Reached skill level 1 in Evocations
  8326 | D:12     | Reached XP level 12. HP: 82/97 MP: 15/15
  8616 | D:12     | Noticed a skeletal warrior
  8741 | D:12     | Identified a scroll of acquirement
  8978 | D:13     | Reached skill level 15 in Axes
  9009 | D:13     | Found Molo's Book Shoppe.
  9106 | D:13     | Reached skill level 10 in Fighting
  9230 | D:13     | Noticed a two-headed ogre
  9251 | D:13     | Killed a two-headed ogre
  9411 | D:14     | Noticed a centaur warrior
  9428 | D:14     | Killed a centaur warrior
  9616 | D:14     | Found a shadowy altar of Dithmenos.
  9618 | D:14     | Noticed a centaur warrior
  9632 | D:14     | Killed a centaur warrior
  9639 | D:14     | Reached skill level 16 in Axes
  9692 | D:14     | Noticed a two-headed ogre
  9702 | D:14     | Killed a two-headed ogre
  9822 | D:14     | Found a huge runed gate.
  9822 | D:14     | Found a huge runed gate.
  9823 | D:14     | Found a huge runed gate.
  9824 | D:14     | Found a huge runed gate.
  9883 | D:14     | Noticed a centaur warrior
  9894 | D:14     | Killed a centaur warrior
  9897 | D:14     | Noticed an unseen horror
  9900 | D:14     | Killed an unseen horror
  9907 | D:14     | Noticed a seven-headed hydra
  9914 | D:14     | Killed a seven-headed hydra
  9914 | D:14     | Reached XP level 13. HP: 78/103 MP: 16/16
  9992 | D:14     | Found Cueckut's Gadget Shoppe.
 10337 | D:14     | Reached skill level 17 in Axes
 10461 | D:15     | Entered Level 15 of the Dungeon
 10482 | D:15     | Noticed Rupert
 10497 | D:15     | Noticed a centaur warrior
 10504 | D:14     | Killed a centaur warrior
 10605 | D:14     | Reached skill level 18 in Axes
 11055 | Orc:1    | Entered Level 1 of the Orcish Mines
 11115 | Orc:1    | Reached ***** piety under Makhleb
 11614 | Orc:2    | Entered Level 2 of the Orcish Mines
 11821 | Orc:2    | Noticed Slobodan's ghost (journeyman TrMo)
 11933 | Orc:2    | Found a staircase to the Elven Halls.
 12065 | Orc:2    | Killed Slobodan's ghost
 12311 | Orc:2    | Reached XP level 14. HP: 110/110 MP: 18/18
 12526 | Orc:2    | Noticed tidbits's ghost (journeyman GnTm)
 12548 | Orc:1    | Upgraded the game from 0.22-a0-274-gf8199ec to 0.22-a0-278-g8f80174
 12855 | Orc:2    | Found Ohamoarch's Distillery.
 12889 | Orc:2    | Learned a level 2 spell: Shroud of Golubria
 12972 | Orc:2    | Found Lixaisak's Magic Scroll Emporium.
 13014 | Orc:2    | Reached skill level 19 in Axes
 13464 | Orc:1    | You fall through a shaft!
 14151 | Orc:2    | Reached skill level 5 in Spellcasting
 14935 | Orc:2    | Found Haiseby's Antique Armour Boutique.
 14935 | Orc:2    | Found Danigem's Book Shop.
 14935 | Orc:2    | Found a one-way gate leading to the halls of Pandemonium.
 14944 | Orc:2    | Bought the Guide on the Escort and Clay for 669 gold pieces
 14951 | Orc:2    | Learned a level 6 spell: Statue Form
 14953 | Orc:2    | Bought an encrusted ring mail for 216 gold pieces
 14953 | Orc:2    | Identified the +2 ring mail "Faokoaj" {*Drain rPois rF+ Regen+} (You bought it in a shop on level 2 of the Orcish Mines)
 14993 | Orc:2    | Bought a scroll of magic mapping for 49 gold pieces
 14993 | Orc:2    | Bought a scroll of enchant weapon for 105 gold pieces
 14993 | Orc:2    | Bought a scroll of enchant weapon for 105 gold pieces
 14993 | Orc:2    | Bought a scroll of magic mapping for 49 gold pieces
 14995 | Orc:2    | Bought 2 potions of heal wounds for 110 gold pieces
 14995 | Orc:2    | Bought a potion of degeneration for 11 gold pieces
 14995 | Orc:2    | Bought a potion of curing for 33 gold pieces
 15295 | D:10     | Reached skill level 1 in Earth Magic
 15311 | D:10     | Reached skill level 1 in Transmutations
 15418 | D:8      | Killed EvilAshe's ghost
 15448 | D:8      | Found a staircase to the Lair.
 15470 | Lair:1   | Entered Level 1 of the Lair of Beasts
 15853 | Lair:2   | Found a labyrinth entrance.
 15863 | Lab      | Entered a labyrinth
 16250 | Lab      | Noticed a minotaur
 16269 | Lab      | Killed a minotaur
 16591 | Lair:2   | Reached XP level 15. HP: 85/115 MP: 24/24
 16779 | Lair:4   | Noticed Snorg
 16901 | Lair:4   | Killed Snorg
 16911 | Lair:4   | Found a staircase to the Snake Pit.
 17021 | Lair:4   | Reached skill level 20 in Axes
 17151 | Lair:4   | Reached skill level 5 in Earth Magic
 17178 | Lair:4   | Found a staircase to the Swamp.
 17439 | Lair:5   | Reached skill level 5 in Transmutations
 17710 | Lair:6   | Entered Level 6 of the Lair of Beasts
 18544 | Lair:6   | Found a viscous altar of Jiyva.
 18544 | Lair:6   | Found a staircase to the Slime Pits.
 18831 | Lair:4   | Reached XP level 16. HP: 95/122 MP: 27/27
 18869 | Snake:1  | Entered Level 1 of the Snake Pit
 19729 | Snake:2  | Reached skill level 10 in Earth Magic
 19819 | Snake:2  | Noticed a nagaraja
 19875 | Lair:4   | :(
 20024 | Orc:1    | You fall through a shaft!
 20075 | Elf:1    | Entered Level 1 of the Elven Halls
 20090 | Orc:2    | Killed from afar by a deep elf mage

Vault maps used:
D:1:      minmay_arrival_glassed_features, supply_closet_lemuel,
          minmay_heptomino_o4
D:2:      nicolae_ru_awakened_eye, nicolae_overflow_hidden_temple,
          chequers_ecumenical_altar_simple, nrook_mini_backslash
D:3:      lemuel_doored_altar, old_standard_altar, old_standard_altar,
          uniq_sigmund, uniq_jessica
D:4:      tgw_trog
D:5:      elyvilon_altar_5, overflow_temple_1_default, first_ration,
          nicolae_gozag_zags_fifth_avenue
D:6:      lemuel_crystal_altar, fedhas_altar_decomposition,
          minmay_temple_entry_butterflies, minmay_misc_feat_more_columns
D:7:      nicolae_ashenzari_panopticon, uniq_crazy_yiuf_cottage
D:8:      grunt_lair_entry_orc_guard_hut, grunt_ministairs_13, uniq_pikel
D:9:      nemelex_xobeh_ov_fountains_minmay, serial_shops, shop,
          hangedman_misty_isle
D:11:     minmay_orc_entry_guard_dogs, grunt_ogre_cave, uniq_maurice
D:12:     serial_shops, shop, serial_park, serial_park_avenue1,
          serial_park_gazebo, serial_park_square3, kennysheep_generic_room_10
D:13:     serial_shops, shop
D:14:     lemuel_bear_cage, hangedman_vaults_entry_quadrant_bands,
          nicolae_dithmenos_through_a_glass_darkly, serial_glass,
          glass_columns_a, glass_columns_c, serial_shops,
          nicolae_shop_waterfront
D:15:     hangedman_depths_entry_try_elsewhere_first,
          nicolae_tso_carved_into_rock, uniq_rupert, uniq_azrael
Temple:   chequers_temple_sunken
Lair:1:   minmay_lair_oklob_chamber
Lair:2:   lab_entry_generic, st_stairs_7, serial_bayou_shore_a
Lair:3:   grunt_forest_stairs_clearing
Lair:4:   minmay_swamp_entry_worms, dummy_snake_entry, minivault_23,
          grunt_megastairs_3, uniq_snorg
Lair:5:   kennysheep_rathole
Lair:6:   guppyfry_lair_end_dragon, hangedman_lair_tendril_chambers,
          slime_altar_1, minmay_stone_trees_small
Snake:2:  cheibrodos_snake_ritualist_ritual, basic_stair_grate_trap
Orc:2:    pf_orc_diabolical
Elf:1:    elf_arrival_002, serial_shops, bzr_entry_customers, basic_altar,
          minmay_elf_annihilation, uniq_donald, uniq_aizul
Lab:      lab_block, nicolae_lab_x

Skill      XL: |  1  2  3  4  5  6  7  8  9 10 11 12 13 14 15 16 |
---------------+-------------------------------------------------+-----
Axes           | 3 4 5 6 8 10 11 13 14 16 18 19 20 | 20.1
Fighting       | 3 5 7 9 10 | 10.0
Invocations    | 1 4 5 |  5.0
Evocations     | 1 3 |  3.4
Spellcasting   | 3 6 7 8 |  8.4
Earth Magic    | 3 8 10 | 10.0
Transmutations | 3 7 9 |  9.1
Throwing       | |  1.0
Armour         | |  1.1
Dodging        | |  1.7
Translocations | |  2.6

Action                   |  1- 3 |  4- 6 |  7- 9 | 10-12 | 13-15 | 16-18 || total
-------------------------+-------+-------+-------+-------+-------+-------++-------
Melee: Hand axe          |   146 |    79 |   213 |       |       |       ||   438
       Executioner's axe |       |       |   381 |   554 |   468 |       ||  1403
       Unarmed           |       |       |    47 |    15 |       |       ||    62
       War axe           |       |       |       |       |  1026 |   186 ||  1212
Invok: Minor Destruction |       |       |       |    79 |     7 |     1 ||    87
       Lesser Servant of |       |       |       |    13 |    43 |     6 ||    62
 Abil: Dig               |     9 |     9 |    36 |    50 |    73 |     8 ||   185
       Shaft Self        |     1 |     2 |       |       |       |     1 ||     4
Evoke: Wand              |       |     5 |     8 |     8 |     1 |     1 ||    23
  Use: Scroll            |     7 |     1 |     5 |    10 |     6 |     4 ||    33
       Potion            |       |       |     2 |     8 |    10 |     3 ||    23
 Stab: Distracted        |       |       |       |     2 |     9 |     1 ||    12
       Invisible         |       |       |       |       |    14 |       ||    14
  Eat: Chunk             |     1 |       |    17 |    13 |    24 |     3 ||    58
       Ration            |       |     1 |     1 |     4 |     6 |     3 ||    15
Armor: Leather armour    |    12 |       |       |       |       |       ||    12
       Chain mail        |    87 |    60 |   424 |   379 |   144 |       ||  1094
       Skin              |       |    19 |     2 |    30 |     8 |       ||    59
       Ring mail         |       |       |       |       |   290 |    36 ||   326
Dodge: Dodged            |    57 |    21 |   255 |   218 |   553 |    60 ||  1164
Block: Other             |       |       |    63 |   114 |   198 |    11 ||   386
       Reflection        |       |       |     1 |     6 |     5 |       ||    12

Table legend:
 A = Spawn XP
 B = Non-spawn XP
 C = Spawn XP percentage of total XP
 D = Spawn monster count
 E = Non-spawn monster count
 F = Spawn count percentage of total count
 G = Total turns spent on level
                    A         B        C        D         E        F      G
               +---------+---------+-------+---------+---------+-------+---------
         Total |       0 |  123130 |   0.0 |       0 |     760 |   0.0 | 20090
               +---------+---------+-------+---------+---------+-------+---------
           D:1 |       0 |      46 |   0.0 |       0 |      28 |   0.0 |   492
           D:2 |       0 |      66 |   0.0 |       0 |      28 |   0.0 |   734
           D:3 |       0 |     606 |   0.0 |       0 |      39 |   0.0 |   953
           D:4 |       0 |     420 |   0.0 |       0 |      18 |   0.0 |   458
           D:5 |       0 |     258 |   0.0 |       0 |      17 |   0.0 |   741
           D:6 |       0 |     899 |   0.0 |       0 |      22 |   0.0 |  1186
           D:7 |       0 |     935 |   0.0 |       0 |      23 |   0.0 |   592
           D:8 |       0 |    3862 |   0.0 |       0 |      24 |   0.0 |   595
           D:9 |       0 |    3286 |   0.0 |       0 |      32 |   0.0 |  1059
          D:10 |       0 |    2965 |   0.0 |       0 |      18 |   0.0 |   798
          D:11 |       0 |    6472 |   0.0 |       0 |      27 |   0.0 |   850
          D:12 |       0 |    3148 |   0.0 |       0 |      15 |   0.0 |   903
          D:13 |       0 |    3221 |   0.0 |       0 |      20 |   0.0 |   776
          D:14 |       0 |   16093 |   0.0 |       0 |      65 |   0.0 |  1182
          D:15 |       0 |     302 |   0.0 |       0 |       4 |   0.0 |    26
        Lair:1 |       0 |    2734 |   0.0 |       0 |      13 |   0.0 |   330
        Lair:2 |       0 |    1304 |   0.0 |       0 |       5 |   0.0 |   171
        Lair:3 |       0 |    2554 |   0.0 |       0 |      14 |   0.0 |   411
        Lair:4 |       0 |    9748 |   0.0 |       0 |      35 |   0.0 |   560
        Lair:5 |       0 |    6443 |   0.0 |       0 |      30 |   0.0 |   501
        Lair:6 |       0 |   18835 |   0.0 |       0 |      73 |   0.0 |  1026
       Snake:1 |       0 |   11200 |   0.0 |       0 |      28 |   0.0 |   899
       Snake:2 |       0 |    3080 |   0.0 |       0 |       6 |   0.0 |    77
         Orc:1 |       0 |    5317 |   0.0 |       0 |      60 |   0.0 |  1212
         Orc:2 |       0 |   18203 |   0.0 |       0 |     115 |   0.0 |  2994
           Lab |       0 |    1133 |   0.0 |       0 |       1 |   0.0 |   504
               +---------+---------+-------+---------+---------+-------+---------
